 Dungeon Crawl Stone Soup version 0.23.2-1-ga50397a6bc (webtiles) character file.

Game seed: 14030510174634052795

651 Hanswurst the Chopper (level 7, 0/61 HPs)
             Began as a Hill Orc Monk on May 17, 2019.
             Was a Believer of Beogh.
             Slain by a centaur (4 damage)
             ... on level 5 of the Dungeon.
             The game lasted 00:35:47 (5506 turns).

Hanswurst the Chopper (Hill Orc Monk)               Turns: 5506, Time: 00:35:50

Health: 0/61       AC:  5    Str: 20    XL:     7   Next: 53%
Magic:  7/7        EV: 10    Int: 10    God:    Beogh [**....]
Gold:   289        SH:  9    Dex: 13    Spells: 6/6 levels left

rFire    + . .     SeeInvis .   a - +0 hand axe
rCold    x . .     Gourm    .   d - +0 shield
rNeg     . . .     Faith    .   o - +0 troll leather armour
rPois    .         Spirit   .   n - +0 helmet
rElec    .         Reflect  .   j - scarf {repulsion}
rCorr    .         Harm     .   (no gloves)
MR       .....                  (no boots)
Stlth    ++........             L - amulet of inaccuracy (curse)
HPRegen  0.60/turn              y - +4 ring of strength
MPRegen  0.10/turn              D - ring of fire

@: repel missiles
A: no striking features
a: Smiting, Renounce Religion


You were on level 5 of the Dungeon.
You worshipped Beogh.
Beogh was pleased with you.
You were not hungry.

You visited 1 branch of the dungeon, and saw 5 of its levels.

You collected 289 gold pieces.

Inventory:

Hand Weapons
 a - a +0 hand axe (weapon)
 w - a +0 short sword of holy wrath
 A - a +0 scythe
Missiles
 B - 9 tomahawks (quivered)
Armour
 d - a +0 shield (worn)
 j - a scarf of repulsion (worn)
 n - a +0 helmet (worn)
 o - a +0 troll leather armour (worn)
 t - a +0 scale mail
 E - a +0 plate armour
 I - a +0 chain mail
Jewellery
 l - an uncursed ring of resist corrosion
 p - an uncursed ring of teleportation
 u - an uncursed ring of ice
 y - a +4 ring of strength (left hand)
 D - a ring of fire (right hand)
 L - a cursed amulet of inaccuracy (around neck)
Wands
 H - a wand of iceblast (9)
 K - a wand of acid (9)
Scrolls
 e - 3 scrolls of remove curse
 f - a scroll of enchant weapon {unknown}
 g - 2 scrolls of identify {unknown}
 h - a scroll of teleportation {unknown}
 i - 2 scrolls of noise {unknown}
 q - a scroll of amnesia {unknown}
 r - 2 scrolls of enchant armour {unknown}
 s - a scroll of magic mapping {unknown}
 v - a scroll of blinking {unknown}
 z - 2 scrolls of fog {unknown}
 G - a scroll of fear {unknown}
 N - a scroll of random uselessness {unknown}
Potions
 k - a potion of degeneration {unknown}
 m - a potion of lignification {unknown}
 x - a potion of magic {unknown}
 C - a potion of haste {unknown}
 F - 2 potions of ambrosia {unknown}
 J - a potion of heal wounds {unknown}
 M - a potion of invisibility {unknown}
Comestibles
 c - 7 rations


   Skills:
 + Level 5.3 Fighting
 + Level 7.6 Axes
 + Level 3.2 Armour
 + Level 3.4 Dodging
 + Level 1.7 Stealth
 + Level 2.6 Shields
 + Level 0.1 Evocations


You had 6 spell levels left.
You didn't know any spells.
Your spell library contained the following spells:

 Spells                   Type           Power        Failure   Level  Hunger
 Blink                    Tloc           N/A          97%         2    ###....
 Shroud of Golubria       Chrm/Tloc      #.........   97%         2    ###....
 Gell's Gravitas          Tloc           #.........   100%        3    ####...
 Lesser Beckoning         Tloc           #.........   100%        3    ####...
 Teleport Other           Tloc           #.......     100%        3    ####...
 Passage of Golubria      Tloc           N/A          100%        4    #####..


Dungeon Overview and Level Annotations

Branches:
Dungeon (5/15)             Temple (0/1) D:5

Altars:
Dithmenos
Elyvilon
Gozag
Nemelex Xobeh
Okawaru
Trog
Yredelemnul


Message History

The centaur is heavily wounded.
The centaur hits you.
* * * LOW HITPOINT WARNING * * *
The centaur hits you but does no damage.
You hit the centaur.
The centaur is severely wounded.
The centaur hits you.
* * * LOW HITPOINT WARNING * * *
You hit the centaur.
The centaur is almost dead.
The centaur hits you.
* * * LOW HITPOINT WARNING * * *
The centaur barely misses you.
You barely miss the centaur.
The centaur is almost dead.
The centaur hits you!
* * * LOW HITPOINT WARNING * * *
The frilled lizard unfolds its giant frill.
The centaur hits you.
You die... # # # # # # # .####################### .....lc@((((.(.......... ########################

You could see a centaur and a frilled lizard.

Vanquished Creatures
  Sigmund (D:5)
  A crimson imp (D:5)
  A bullfrog zombie (D:5)
  2 hounds (D:5)
  An orc priest (D:4)
  An orc wizard (D:4)
  5 worker ants
  A hound zombie (D:5)
  3 adders
  4 gnolls
  An ooze (D:1)
  A worm (D:2)
  4 dart slugs
  5 leopard geckos
  8 orcs
  A ball python (D:3)
  5 bats
  7 giant cockroaches
  2 goblins
  7 hobgoblins
  10 jackals
  6 kobolds
  5 quokkas
  7 frilled lizards
  12 rats
101 creatures vanquished.

Vanquished Creatures (others)
  An orc priest (D:3)
  A leopard gecko (D:3)
2 creatures vanquished.

Grand Total: 103 creatures vanquished

Notes
Turn   | Place    | Note
-------+----------+-------------------------------------------
     0 | D:1      | Hanswurst the Hill Orc Monk began the quest for the Orb.
     0 | D:1      | Reached XP level 1. HP: 19/19 MP: 1/1
    68 | D:1      | Reached XP level 2. HP: 25/27 MP: 2/2
   713 | D:1      | Reached XP level 3. HP: 29/33 MP: 3/3
  1438 | D:2      | Reached XP level 4. HP: 41/41 MP: 4/4
  1540 | D:2      | Reached skill level 5 in Axes
  2095 | D:3      | Became a worshipper of Beogh the Brigand
  2095 | D:3      | Reached * piety under Beogh
  2095 | D:3      | Reached ** piety under Beogh
  2260 | D:3      | Reached skill level 1 in Shields
  2559 | D:3      | Reached XP level 5. HP: 9/47 MP: 5/5
  2923 | D:4      | Reached skill level 1 in Armour
  3279 | D:4      | Found a bloodstained altar of Trog.
  3280 | D:4      | Found an iron altar of Okawaru.
  3297 | D:4      | HP: 1/47 [gnoll/+0 club (8)]
  4269 | D:4      | Reached skill level 6 in Axes
  4300 | D:4      | Reached XP level 6. HP: 22/55 MP: 6/6
  4641 | D:4      | Found a shadowy altar of Dithmenos.
  4741 | D:5      | Entered Level 5 of the Dungeon
  4749 | D:5      | Noticed a slave
  4824 | D:5      | Reached skill level 5 in Fighting
  4908 | D:5      | Found a basalt altar of Yredelemnul.
  4973 | D:5      | Noticed Sigmund
  5014 | D:5      | Killed Sigmund
  5014 | D:5      | Reached skill level 7 in Axes
  5014 | D:5      | Reached XP level 7. HP: 56/61 MP: 7/7
  5149 | D:5      | Found a white marble altar of Elyvilon.
  5293 | D:5      | Found a sparkling altar of Nemelex Xobeh.
  5293 | D:5      | Found an opulent altar of Gozag.
  5374 | D:5      | Found a staircase to the Ecumenical Temple.
  5506 | D:5      | Slain by a centaur

Skill      XL: |  1  2  3  4  5  6  7 |
---------------+----------------------+-----
Fighting       | 4 5 |  5.3
Axes           | 5 6 7 |  7.6
Shields        | 1 2 |  2.6
Dodging        | 3 |  3.4
Armour         | 1 2 3 |  3.2
Stealth        | |  1.7
Evocations     | |  0.1

Action                   |  1- 3 |  4- 6 |  7- 9 || total
-------------------------+-------+-------+-------++-------
Melee: Hand axe          |   151 |   280 |    75 ||   506
Throw: Tomahawk          |       |       |     2 ||     2
Invok: Convert to Beogh  |       |     1 |       ||     1
Evoke: Wand              |       |     2 |       ||     2
  Use: Potion            |       |     3 |       ||     3
       Scroll            |       |     1 |       ||     1
 Stab: Sleeping          |     2 |       |       ||     2
  Eat: Chunk             |     2 |     8 |     2 ||    12
       Ration            |       |     1 |       ||     1
Armor: Robe              |    10 |       |       ||    10
       Scale mail        |    46 |    46 |       ||    92
       Plate armour      |       |    81 |       ||    81
       Troll leather arm |       |     6 |    16 ||    22
Dodge: Dodged            |    57 |    81 |    31 ||   169
       Deflected         |       |     1 |       ||     1
Block: Shield            |    64 |   115 |    38 ||   217
